Map: Triton LE

Players

pHARM - Winner!

  • Race: Zerg Zerg
  • League: Platinum
  • Spawn Location: 5:00

Angelus

  • Race: Protoss Protoss
  • League: Platinum
  • Spawn Location: 11:00

VOD

Have the link to the VOD?

Description

Time

  • Played on: Oct. 5, 2019, 10:05 p.m.
  • Length: 11:34
Show
View Real Time Build Order
Export as new Build Order

pHARM Zerg - Winner!

Build Orders: Hatch First 

Get SALT Encoding   

  12  0:01  Drone  
  13  0:13  Drone  
  14  0:16  Overlord  
  14  0:34  Drone x2  
  16  0:50  Hatchery  
  16  0:56  Drone x2  
  17  1:05  Drone  
  18  1:14  Spawning Pool  
  17  1:40  Drone x3  
  20  2:00  Hatchery  
  19  2:05  Drone x3  
  19  2:07  Queen  
  24  2:22  Queen  
  26  2:24  Drone x2  
  28  2:36  Overlord  
  28  2:55  Drone x5  
  33  3:01  Queen  
  35  3:06  Overlord  
  35  3:07  Overlord  
  35  3:23  Drone x6  
  35  3:24  Drone  
  42  3:50  Drone x9  
  42  3:51  Extractor x2  
  49  3:56  Extractor  
  48  4:29  Drone  
  48  4:30  Drone  
  50  4:32  Lair  
  50  4:37  Spore Crawler  
  49  4:39  Roach Warren  
  49  4:45  Spore Crawler  
  48  4:55  Drone  
  49  5:02  Overlord  
  49  5:03  Overlord x5  
  49  5:18  Drone  
  49  5:21  Overlord x2  
  50  5:23  Drone x2  
  52  5:32  Drone x4  
  52  5:33  Drone x8  
  64  5:56  Hydralisk Den  
  63  6:00  Evolution Chamber x2  
  63  6:01  Drone x3  
  63  6:02  Drone  
  63  6:03  Baneling Nest  
  64  6:05  Metabolic Boost  
  64  6:11  Queen x2  
  64  6:13  Queen  
  64  6:15  Zergling x18  
  64  6:16  Zergling x6  
  82  6:24  Extractor x2  
  80  6:47  Grooved Spines  
  80  6:48  Hydralisk  
  80  6:49  Hydralisk x9  
  80  6:52  Zerg Ground Armor Level 1  
  100  6:57  Zerg Melee Weapons Level 1  
  100  6:59  Overlord x4  
  100  7:19  Drone x4  
  100  7:20  Drone x3  
  107  7:24  Hydralisk  
  107  7:25  Hydralisk x3  
  107  7:29  Extractor  
  116  7:32  Hydralisk  
  116  7:36  Zergling x6  
  119  7:37  Infestation Pit  
  118  7:58  Muscular Augments  
  118  7:59  Hydralisk x4  
  118  8:00  Hydralisk x2  
  130  8:27  Hatchery  
  130  8:28  Overlord x5  
  129  8:49  Zerg Ground Armor Level 2  
  129  8:51  Centrifical Hooks  
  129  8:54  Zerg Melee Weapons Level 2  
  129  9:14  Zergling x16  
  129  9:15  Zergling x22  
  129  10:02  Hydralisk x7  
  129  10:03  Hydralisk x5  
  134  10:48  Spire  
  133  11:10  Hydralisk  
Show
View Real Time Build Order
Export as new Build Order

Angelus Protoss 

Build Orders: Forge Fast Expand (FFE) 

Get SALT Encoding   

  12  0:01  Probe  
  13  0:13  Probe  
  14  0:21  Pylon  
  14  0:25  Probe  
  15  0:39  Probe (Chrono Boost)  
  16  0:45  Forge  
  16  0:49  Probe (Chrono Boost)  
  17  0:54  Probe (Chrono Boost)  
  18  1:05  Probe  
  19  1:18  Nexus  
  19  1:26  Pylon  
  19  1:30  Probe  
  20  1:39  Gateway  
  20  1:43  Gateway  
  20  1:51  Photon Cannon  
  20  1:57  Assimilator  
  20  2:05  Probe  
  21  2:09  Pylon  
  21  2:27  Probe, Assimilator  
  22  2:33  Probe  
  23  2:40  Probe  
  23  2:41  Cybernetics Core  
  24  2:46  Zealot (Chrono Boost)  
  24  2:50  Probe  
  27  2:52  Probe  
  28  3:02  Probe (Chrono Boost)  
  30  3:08  Probe (Chrono Boost)  
  30  3:12  Warp Gate (Chrono Boost)  
  31  3:14  Probe (Chrono Boost)  
  31  3:17  Pylon  
  31  3:18  Probe (Chrono Boost)  
  32  3:20  Probe (Chrono Boost)  
  32  3:25  Stargate  
  33  3:27  Assimilator  
  33  3:28  Probe  
  33  3:32  Probe  
  35  3:40  Probe  
  36  3:44  Probe  
  37  3:52  Probe  
  38  3:56  Probe  
  39  4:04  Twilight Council  
  39  4:07  Gateway  
  39  4:08  Gateway, Probe  
  42  4:10  Phoenix (Chrono Boost)  
  42  4:18  Pylon  
  42  4:20  Pylon  
  42  4:24  Pylon  
  42  4:27  Probe  
  42  4:31  Robotics Facility  
  43  4:37  Charge (Chrono Boost)  
  43  4:38  Pylon  
  43  4:49  Gateway  
  43  4:50  Gateway  
  43  4:53  Gateway  
  43  4:55  Gateway  
  43  4:56  Probe x2  
  45  5:01  Phoenix  
  47  5:08  Probe x2  
  47  5:09  Assimilator  
  47  5:13  Pylon  
  49  5:20  Probe  
  50  5:27  Phoenix (Chrono Boost)  
  52  5:35  Fleet Beacon  
  52  5:39  Stargate  
  52  5:45  Probe  
  52  5:48  Zealot x3  
  52  5:49  Zealot  
  61  5:52  Phoenix (Chrono Boost)  
  63  6:07  Probe  
  64  6:11  Pylon  
  64  6:15  Pylon x2  
  64  6:20  Phoenix (Chrono Boost)  
  68  6:29  Anion Pulse-Crystals (Chrono Boost)  
  68  6:30  Phoenix (Chrono Boost)  
  68  6:31  Pylon  
  68  6:39  Pylon  
  68  6:40  Observer  
  68  6:41  Pylon  
  68  6:43  Probe  
  68  6:46  Protoss Air Weapons Level 1 (Chrono Boost), Phoenix  
  72  6:49  Phoenix  
  74  6:56  Pylon  
  74  7:15  Pylon  
  74  7:18  Shield Battery  
  74  7:20  Shield Battery  
  74  7:25  Shield Battery, Phoenix (Chrono Boost)  
  74  7:28  Shield Battery  
  68  8:02  Tempest x2  
  78  8:07  Immortal (Chrono Boost), Protoss Ground Weapons Level 1  
  80  8:13  Zealot x3  
  80  8:14  Zealot x2  
  80  8:15  Zealot x2  
  94  8:26  Nexus  
  94  8:29  Pylon  
  94  8:33  Pylon  
  94  8:35  Pylon  
  99  8:48  Carrier (Chrono Boost)  
  99  8:50  Templar Archives  
  99  8:52  Tempest (Chrono Boost)  
  99  8:55  Observer  
  106  9:00  Shield Battery  
  106  9:05  Photon Cannon  
  106  9:10  Photon Cannon  
  106  9:29  Carrier  
  112  9:40  Probe  
  113  9:48  Assimilator  
  113  9:50  Assimilator  
  113  9:52  Zealot x3  
  100  10:02  High Templar x2  
  100  10:06  Archon  
  66  10:16  Stalker x2  
  66  10:18  Zealot  
  66  10:19  Zealot x2  
  71  10:35  Zealot  
  71  10:36  Zealot x2  
  83  10:52  High Templar  
  83  10:53  Zealot  
  75  11:19  Zealot x3  
  75  11:20  Zealot x2  
  75  11:21  Sentry  
  75  11:22  Sentry  
Tags
 
Add a new tag
Caveats
  • Supply blocks, unpowered buildings, or Contaminate may cause inaccurate times.
  • Supply counts are checked every 10 seconds.